 Dungeon Crawl Stone Soup version 0.28-a0-1038-g9c4cb82 (webtiles) character file.

Game seed: 6634940175307668301

100 HDogLeCool the Shield-Bearer (level 4, -11/33 (35) HPs)
             Began as a Demonspawn Fighter on Dec 8, 2021.
             Was a Follower of Cheibriados.
             Mangled by a wight (14 damage)
             ... on level 3 of the Dungeon.
             The game lasted 00:04:14 (2063 turns).

HDogLeCool the Shield-Bearer (Demonspawn Fighter)   Turns: 2063, Time: 00:04:14

HP:   -11/33 (35)   AC:  7    Str: 21    XL:     4   Next: 47%
MP:   4/4           EV: 10    Int: 12    God:    Cheibriados [*.....]
Gold: 91            SH:  5    Dex: 16    Spells: 3/3 levels left

rFire   . . .      SeeInvis .   a - +0 trident
rCold   . . .      Faith    .   c - +0 buckler
rNeg    . . .      Spirit   .   b - +0 scale mail
rPois   .          Reflect  .   (helmet restricted)
rElec   .          Harm     .   (no cloak)
rCorr   .          Rampage  .   (no gloves)
Will    .....                   p - +0 pair of boots
Stlth   +.........              (no amulet)
HPRegen 0.11/turn               (no ring)
MPRegen 0.09/turn               (no ring)

@: drained, very slow
A: horns 1, sturdy frame 2
a: Renounce Religion, Bend Time


You were on level 3 of the Dungeon.
You worshipped Cheibriados.
Cheibriados was aware of your devotion.
You visited 1 branch of the dungeon, and saw 3 of its levels.

You collected 91 gold pieces.

Inventory:

Hand Weapons
 a - a +0 trident (weapon)
Missiles
 r - 28 stones (quivered)
Armour
 b - a +0 scale mail (worn)
 c - a +0 buckler (worn)
 p - a +0 pair of boots (worn)
Scrolls
 e - 3 scrolls of identify {unknown}
 g - 2 scrolls of teleportation {unknown}
 h - 2 scrolls of brand weapon {unknown}
 i - a scroll of holy word {unknown}
 j - a scroll of noise {unknown}
 n - a scroll of amnesia {unknown}
 o - a scroll of fear {unknown}
 q - a scroll of fog {unknown}
Potions
 d - a potion of might
 f - 3 potions of brilliance {unknown}
 k - a potion of lignification {unknown}
 l - a potion of haste {unknown}
 m - a potion of curing {unknown}
 s - a potion of heal wounds {unknown}


   Skills:
 + Level 3.5 Fighting
 * Level 3.0 Polearms
 - Level 2.6 Armour
 * Level 3.6 Shields


You had 3 spell levels left.
You didn't know any spells.
Your spell library was empty.

Dungeon Overview and Level Annotations

Branches:
Dungeon (3/15)

Altars:
Cheibriados
Ru


Innate Abilities, Weirdness & Mutations

You have a pair of small horns on your head.
Your movements are less encumbered by armour. (ER -4)


Message History

You block the orc's attack.
You barely miss the orc. You headbutt the orc!
You kill the orc!
Cheibriados appreciates the change of pace.
You block the orc's attack. The orc barely misses you.
You climb upwards.
There is a stone staircase leading down here.
You puncture the orc!
You kill the orc!
Cheibriados appreciates the change of pace.
No target in view!
Things that are here:
a +0 short sword; a +0 leather armour
There is a stone staircase leading down here.
You climb downwards.
There is a stone staircase leading up here.
Things that are here:
a +0 club; a +0 club A wight comes into view.
It is wielding a +3 battleaxe.
Found 20 gold pieces.
You reach to attack!
You barely miss the wight. You hit the wight. Your headbutt misses the wight.
The wight is moderately damaged.
You block the wight's attack.
You puncture the wight!
You headbutt the wight, but do no damage.
The wight is almost destroyed.
The wight misses you.
You hit the wight but do no damage.
The wight is almost destroyed.
The wight hits you with a +3 battleaxe! x2
* * * LOW HITPOINT WARNING * * *
You feel drained.
* * * LOW HITPOINT WARNING * * *
You are too injured to fight recklessly!
You barely miss the wight.
The wight is almost destroyed.
The wight hits you with a +3 battleaxe!
You die...

..#. ##+#.#. .....#.
..?.. ....#########
#.....$#...# ##### .
#..z...#.8.# #...#
...##.@####...###)<.#
.....................#
..........⌠.....[..###
#..................#
#.......####.......#####
#........ #............
#........###........⌠...
#......#.#..............
...... #.>.###...####.


You could see a wight.

Vanquished Creatures
  A wight (D:3)
  An adder (D:3)
  2 dart slugs
  5 orcs
  4 ball pythons (D:1)
  3 bats (D:1)
  4 endoplasms
  2 giant cockroaches
  4 goblins (D:1)
  3 hobgoblins
  6 kobolds
  A frilled lizard (D:1)
  A rat (D:2)
37 creatures vanquished.

Notes
Turn   | Place    | Note
-------+----------+-------------------------------------------
     0 | D:1      | HDogLeCool the Demonspawn Fighter began the quest for the
                  | Orb.
     0 | D:1      | Reached XP level 1. HP: 18/18 MP: 1/1
   109 | D:1      | Gained mutation: Your movements are slightly less
                  | encumbered by armour. (ER -2) [demonic ancestry]
   109 | D:1      | Reached XP level 2. HP: 24/24 MP: 2/2
   529 | D:1      | Gained mutation: Your movements are less encumbered by
                  | armour. (ER -4) [demonic ancestry]
   529 | D:1      | Reached XP level 3. HP: 29/29 MP: 3/3
   809 | D:1      | Found a faded altar of an unknown god.
   814 | D:1      | Prayed at the altar of an unknown god.
   814 | D:1      | Became a worshipper of Cheibriados the Contemplative
   814 | D:1      | Reached * piety under Cheibriados
  1085 | D:2      | Found a sacrificial altar of Ru.
  1495 | D:3      | HP: 1/26 [wight (2)]
  1500 | D:3      | Gained mutation: You have a pair of small horns on your
                  | head. [demonic ancestry]
  1500 | D:3      | Reached XP level 4. HP: 2/35 MP: 4/4
  2063 | D:3      | Mangled by a wight

Illustrated notes

Levels and vault maps discovered:
D:1:      dpeg_arrival_houses_and_road, layout_basic,
          shapermc_ecumenical_altar_petra, minivault_19
D:2:      layout_basic, basic_altar
D:3:      layout_basic, nicolae_elevator_lobby_asterisk

Skill      XL: |  1  2  3 |
---------------+----------+-----
Polearms       | 2 3 |  3.0
Shields        | 3 |  3.6
Fighting       | |  3.5
Armour         | |  2.6

Action                   |  1- 3 |  4- 6 || total
-------------------------+-------+-------++-------
Melee: Trident           |    98 |    16 ||   114
       Headbutt          |       |     5 ||     5
Armor: Scale mail        |    31 |     4 ||    35
Dodge: Dodged            |    44 |     5 ||    49
Block: Buckler           |    20 |     4 ||    24

Table legend: (Time is in decaauts)
 A = Elapsed time spent in this place.
 B = Non-inter-level travel time spent in this place.
 C = Inter-level travel time spent in this place.
 D = Time resting spent in this place.
 E = Time spent auto-exploring this place.
 F = Levels seen in this place.
 G = Mean time per level.
                   A        B        C        D        E       F      G
               +--------+--------+--------+--------+--------+-----+--------+
         Total |   2354 |   2241 |    113 |    485 |   1399 |   3 |  784.7 |
       Dungeon |   2354 |   2241 |    113 |    485 |   1399 |   3 |  784.7 |
               +--------+--------+--------+--------+--------+-----+--------+

Top non-repeatable levels by time:
     D:1: 1031 daAuts
     D:2: 912 daAuts
     D:3: 410 daAuts
